NTL
ABERDEEN PHEASANTS @ HURON CUBS
08/07/1982
 
TOP OF THE 1ST
Aberdeen Pheasants batting - Pitching for Huron Cubs : RHP Rich N Thompson
Pitching: RHP Rich N Thompson
Batting: SHB Stephen Moore 0-0: Called Strike
0-1: TRIPLE (Flyball, 89XD, EV 100.0 MPH)
Batting: RHB Greg Howe 0-0: Ball
1-0: Ball
2-0: SINGLE (Line Drive, 78S, EV 104.4 MPH)
Stephen Moore scores
Batting: LHB Sergio Leija 0-0: Ball
1-0: Ball
2-0: Ball
3-0: Called Strike
3-1: Called Strike
3-2: Fielders Choice at 2nd, U6 (Groundball, 4M, EV 87.5 MPH)
Batting: LHB Robert McNair 0-0: Ball
1-0: Swinging Strike
1-1: Ball
2-1: Called Strike
2-2: Strikes out looking
Batting: RHB Harry McCulla 0-0: Ball
1-0: Ball
2-0: Called Strike
2-1: Fly out, F9 (Flyball, 9LM, EV 91.9 MPH)
Top of the 1st over - 1 run, 2 hits, 0 errors, 1 left on base; Aberdeen 1 - Huron 0
BOTTOM OF THE 1ST
Huron Cubs batting - Pitching for Aberdeen Pheasants : RHP Dave Beard
Pitching: RHP Dave Beard
Batting: LHB Gary Varsho 0-0: Ball
1-0: Foul Ball, location: 2F
1-1: Ball
2-1: Foul Ball, location: 2F
2-2: Foul Ball, location: 2F
2-2: Ball
3-2: Foul Ball, location: 2F
3-2: Fly out, F8 (Flyball, 8RM, EV 92.5 MPH)
Batting: RHB Greg Zunino 0-0: Called Strike
0-1: Swinging Strike
0-2: Reached on error, E5 (Groundball, 5, EV 90.6 MPH)
Batting: RHB Mark Carreon 0-0: Ball
Greg Zunino steals 2nd base
1-0: Foul Ball, location: 2F
1-1: Foul Ball, location: 2F
1-2: DOUBLE (Flyball, 8RXD, EV 94.4 MPH)
Greg Zunino scores
Batting: RHB John Alvarez 0-0: Swinging Strike
0-1: Ball
1-1: Swinging Strike
1-2: Strikes out looking
Batting: LHB Willis Gonzalez 0-0: Foul Ball, location: 2F
0-1: Ball
1-1: Ball
2-1: Called Strike
2-2: Foul Ball, location: 2F
2-2: Fly out, F8 (Line Drive, 8LD, EV 100.0 MPH)
Bottom of the 1st over - 1 run, 1 hit, 1 error, 1 left on base; Aberdeen 1 - Huron 1
TOP OF THE 2ND
Aberdeen Pheasants batting - Pitching for Huron Cubs : RHP Rich N Thompson
Batting: RHB Pedro Chavez 0-0: Ball
1-0: Fly out, F9 (Flyball, 89M, EV 93.8 MPH)
Batting: RHB Alejandro Luna 0-0: Foul Ball, location: 2F
0-1: Ball
1-1: Ground out 6-3 (Groundball, 6, EV 83.8 MPH)
Batting: RHB Armando Ramirez 0-0: Ball
1-0: Foul Ball, location: 2F
1-1: Swinging Strike
1-2: Ball
2-2: DOUBLE (Line Drive, 89M, EV 99.4 MPH)
Batting: RHB Diego Martinez 0-0: Called Strike
0-1: Called Strike
0-2: Ball
1-2: Foul Ball, location: 5F, Error on foul ball, E5
1-2: Ball
2-2: Ball
3-2: Strikes out looking
Top of the 2nd over - 0 runs, 1 hit, 1 error, 1 left on base; Aberdeen 1 - Huron 1
BOTTOM OF THE 2ND
Huron Cubs batting - Pitching for Aberdeen Pheasants : RHP Dave Beard
Batting: RHB Mike Stellern 0-0: Ball
1-0: Ball
2-0: Fly out, F7 (Flyball, 7LM, EV 82.5 MPH)
Batting: LHB Rob Nelson 0-0: Called Strike
0-1: Ball
1-1: Ball
2-1: Ball
3-1: Base on Balls
Batting: SHB Keith Smith 0-0: Called Strike
0-1: Ball
1-1: Ball
2-1: Fly out, F9 (Flyball, 9LS, EV 91.3 MPH)
Batting: RHB Ray Ortega 0-0: Called Strike
0-1: Ball
1-1: Swinging Strike
1-2: Strikes out swinging
Bottom of the 2nd over - 0 runs, 0 hits, 0 errors, 1 left on base; Aberdeen 1 - Huron 1
TOP OF THE 3RD
Aberdeen Pheasants batting - Pitching for Huron Cubs : RHP Rich N Thompson
Batting: SHB Stephen Moore 0-0: Ball
1-0: Foul Ball, location: 2F
1-1: Foul Ball, location: 2F
1-2: Ball
2-2: Ball
3-2: Strikes out looking
Batting: RHB Greg Howe 0-0: Called Strike
0-1: Swinging Strike
0-2: Ball
1-2: SINGLE (Groundball, 6MD, EV 108.8 MPH)
Batting: LHB Sergio Leija 0-0: Fly out, F9 (Flyball, 9S, EV 90.6 MPH)
Batting: LHB Robert McNair 0-0: Called Strike
0-1: 2-RUN HOME RUN (Flyball, 9LD, EV 107.5 MPH), Distance : 357 ft
Batting: RHB Harry McCulla 0-0: Foul Ball, location: 2F
0-1: Foul Ball, location: 2F
0-2: Foul Ball, location: 2F
0-2: Ball
1-2: Ball
2-2: Ball
3-2: Fly out, F8 (Flyball, 89D, EV 95.0 MPH)
Top of the 3rd over - 2 runs, 2 hits, 0 errors, 0 left on base; Aberdeen 3 - Huron 1
BOTTOM OF THE 3RD
Huron Cubs batting - Pitching for Aberdeen Pheasants : RHP Dave Beard
Batting: LHB Gary Varsho 0-0: Ball
1-0: Called Strike
1-1: Foul Ball, location: 2F
1-2: Ball
2-2: Strikes out looking
Batting: RHB Greg Zunino 0-0: Ball
1-0: Called Strike
1-1: Called Strike
1-2: Ball
2-2: Ball
3-2: Fly out, F7 (Flyball, 7S, EV 91.9 MPH)
Batting: RHB Mark Carreon 0-0: Ball
1-0: Ball
2-0: SINGLE (Flyball, 3D, EV 86.9 MPH)
Batting: RHB John Alvarez 0-0: Ball
1-0: Foul Ball, location: 2F
1-1: Ball
2-1: Foul Ball, location: 2F
2-2: Strikes out swinging
Bottom of the 3rd over - 0 runs, 1 hit, 0 errors, 1 left on base; Aberdeen 3 - Huron 1
TOP OF THE 4TH
Aberdeen Pheasants batting - Pitching for Huron Cubs : RHP Rich N Thompson
Batting: RHB Pedro Chavez 0-0: Foul Ball, location: 2F
0-1: Ball
1-1: Swinging Strike
1-2: Ball
2-2: Foul Ball, location: 2F
2-2: Foul Ball, location: 2F
2-2: Ball
3-2: Base on Balls
Batting: RHB Alejandro Luna 0-0: Called Strike
0-1: Ball
1-1: Ball
2-1: Fly out, F9 (Line Drive, 9, EV 93.1 MPH)
Batting: RHB Armando Ramirez 0-0: Foul Ball, location: 2F
0-1: Ball
1-1: Fly out, F8 (Flyball, 8RS, EV 93.8 MPH)
Batting: RHB Diego Martinez 0-0: Ball
1-0: Ball
2-0: Ball
3-0: Base on Balls
Pedro Chavez to second
Batting: SHB Stephen Moore 0-0: Ball
1-0: Called Strike
1-1: Ball
2-1: Ball
3-1: Foul Ball, location: 2F
3-2: Foul Ball, location: 2F
3-2: Foul Ball, location: 2F
3-2: Ground out 5-3 (Groundball, 56S, EV 86.9 MPH)
Top of the 4th over - 0 runs, 0 hits, 0 errors, 2 left on base; Aberdeen 3 - Huron 1
BOTTOM OF THE 4TH
Huron Cubs batting - Pitching for Aberdeen Pheasants : RHP Dave Beard
Batting: LHB Willis Gonzalez 0-0: Foul Ball, location: 2F
0-1: Ball
1-1: Ball
2-1: SOLO HOME RUN (Flyball, 9LD, EV 101.3 MPH), Distance : 372 ft
Batting: RHB Mike Stellern 0-0: Ball
1-0: DOUBLE (Line Drive, 5D, EV 95.6 MPH)
Batting: LHB Rob Nelson 0-0: Ball
1-0: Foul Ball, location: 2F
1-1: Ball
2-1: Ground out U3 (Groundball, 3L, EV 85.0 MPH)
Mike Stellern to third
Batting: SHB Keith Smith 0-0: Fly out, F7 (Flyball, 78M, EV 91.3 MPH)
Runner from 3rd tags up, SCORES, no throw by LF
Batting: RHB Ray Ortega 0-0: Called Strike
0-1: Foul Ball, location: 2F
0-2: Ball
1-2: Ball
2-2: Foul Ball, location: 2F
2-2: Ball
3-2: Base on Balls
Batting: LHB Gary Varsho 0-0: Ball
1-0: Called Strike
1-1: Called Strike
1-2: Ball
2-2: Ball
3-2: Fly out, F8 (Flyball, 8RD, EV 84.4 MPH)
Bottom of the 4th over - 2 runs, 2 hits, 0 errors, 1 left on base; Aberdeen 3 - Huron 3
TOP OF THE 5TH
Aberdeen Pheasants batting - Pitching for Huron Cubs : RHP Rich N Thompson
Batting: RHB Greg Howe 0-0: Ball
1-0: Swinging Strike
1-1: Foul Ball, location: 2F
1-2: Ball
2-2: Strikes out looking
Batting: LHB Sergio Leija 0-0: Called Strike
0-1: Ball
1-1: Ground out 3-1 (Groundball, 34S, EV 95.0 MPH)
Batting: LHB Robert McNair 0-0: Ball
1-0: Called Strike
1-1: SINGLE (Groundball, 4MD, EV 102.5 MPH)
Batting: RHB Harry McCulla 0-0: SINGLE (Line Drive, 56, EV 97.5 MPH)
Robert McNair to second
Batting: RHB Pedro Chavez 0-0: Ground out 4-3 (Groundball, 4, EV 105.6 MPH)
Top of the 5th over - 0 runs, 2 hits, 0 errors, 2 left on base; Aberdeen 3 - Huron 3
BOTTOM OF THE 5TH
Huron Cubs batting - Pitching for Aberdeen Pheasants : RHP Dave Beard
Batting: RHB Greg Zunino 0-0: Ball
1-0: Swinging Strike
1-1: Ball
2-1: Called Strike
2-2: Ball
3-2: Foul Ball, location: 2F
3-2: Foul Ball, location: 2F
3-2: DOUBLE (Line Drive, 9LD, EV 111.3 MPH)
Batting: RHB Mark Carreon 0-0: Called Strike
0-1: Ball
1-1: Called Strike
1-2: Ball
2-2: Strikes out swinging
Batting: RHB John Alvarez 0-0: Ball
1-0: Called Strike
1-1: Swinging Strike
1-2: Fly out, F8 (Flyball, 8RD, EV 83.1 MPH)
Batting: LHB Willis Gonzalez 0-0: Ground out 6-3 (Groundball, 6, EV 83.8 MPH)
Bottom of the 5th over - 0 runs, 1 hit, 0 errors, 1 left on base; Aberdeen 3 - Huron 3
TOP OF THE 6TH
Aberdeen Pheasants batting - Pitching for Huron Cubs : RHP Rich N Thompson
Batting: RHB Alejandro Luna 0-0: SINGLE (Line Drive, 9S, EV 100.6 MPH)
Batting: RHB Armando Ramirez 0-0: Bunted foul
0-1: Sac Bunt to 5S - play at first, batter OUT! 5-4
Alejandro Luna to second
Pitching: RHP Rich Carlucci
Batting: RHB Diego Martinez 0-0: SINGLE (Line Drive, 5D, EV 103.8 MPH)
Alejandro Luna to third
Runner from 3rd tries for Home, SAFE, throw by LF to home
Batting: SHB Stephen Moore 0-0: Foul Ball, location: 2F
0-1: Swinging Strike
0-2: Ball
1-2: Ball
Diego Martinez steals 2nd base
2-2: Foul Ball, location: 2F
2-2: Ball
3-2: Base on Balls
Batting: RHB Greg Howe 0-0: Fielders Choice at 2nd, 6-4 (Groundball, 6, EV 94.4 MPH)
Diego Martinez to third
Batting: LHB Sergio Leija 0-0: Ball
1-0: Ball
2-0: Fielders Choice at 2nd, U6 (Groundball, 6M, EV 80.6 MPH)
Top of the 6th over - 1 run, 2 hits, 0 errors, 2 left on base; Aberdeen 4 - Huron 3
BOTTOM OF THE 6TH
Huron Cubs batting - Pitching for Aberdeen Pheasants : RHP Dave Beard
Batting: RHB Mike Stellern 0-0: Called Strike
0-1: Swinging Strike
0-2: Ball
1-2: Ball
2-2: Fly out, F8 (Line Drive, 8RM, EV 95.0 MPH)
Batting: LHB Rob Nelson 0-0: Ball
1-0: Ball
2-0: Foul Ball, location: 2F
2-1: Called Strike
2-2: Strikes out swinging
Batting: SHB Keith Smith 0-0: Ball
1-0: Ball
2-0: Fly out, F8 (Line Drive, 8RD, EV 93.8 MPH)
Bottom of the 6th over - 0 runs, 0 hits, 0 errors, 0 left on base; Aberdeen 4 - Huron 3
TOP OF THE 7TH
Aberdeen Pheasants batting - Pitching for Huron Cubs : RHP Rich Carlucci
Batting: LHB Robert McNair 0-0: Ball
1-0: Ball
2-0: Called Strike
2-1: Foul Ball, location: 2F
2-2: Ball
3-2: Base on Balls
Batting: RHB Harry McCulla 0-0: Foul Ball, location: 2F
0-1: Foul Ball, location: 2F
0-2: Ball
1-2: Ball
2-2: Ball
3-2: Base on Balls
Robert McNair to second
Batting: RHB Pedro Chavez 0-0: Ball
1-0: Sac Bunt to 5S - play at first, batter safe!
Robert McNair to third
Harry McCulla to second
Batting: RHB Alejandro Luna 0-0: Foul Ball, location: 2F
0-1: Ball
1-1: Swinging Strike
1-2: Foul Ball, location: 2F
1-2: Ball
2-2: Foul Ball, location: 2F
2-2: Strikes out swinging
Batting: RHB Armando Ramirez 0-0: Called Strike
0-1: Called Strike
0-2: Strikes out swinging
Batting: RHB Diego Martinez 0-0: Foul Ball, location: 2F
0-1: Ball
1-1: Foul Ball, location: 2F
1-2: Ball
2-2: Strikes out swinging
Top of the 7th over - 0 runs, 1 hit, 0 errors, 3 left on base; Aberdeen 4 - Huron 3
BOTTOM OF THE 7TH
Huron Cubs batting - Pitching for Aberdeen Pheasants : RHP Dave Beard
Batting: RHB Ray Ortega 0-0: Ground out 6-3 (Groundball, 56, EV 85.0 MPH)
Batting: LHB Gary Varsho 0-0: Ball
1-0: Called Strike
1-1: Ball
2-1: Called Strike
2-2: Foul Ball, location: 2F
2-2: Ball
3-2: SINGLE (Line Drive, 89S, EV 100.6 MPH)
Batting: RHB Greg Zunino 0-0: Called Strike
Gary Varsho is caught stealing 2nd base 2-4
0-1: Foul Ball, location: 2F
0-2: Foul Ball, location: 2F
0-2: Ball
1-2: Ball
2-2: Fly out, F9 (Flyball, 9D, EV 94.4 MPH)
Bottom of the 7th over - 0 runs, 1 hit, 0 errors, 0 left on base; Aberdeen 4 - Huron 3
TOP OF THE 8TH
Aberdeen Pheasants batting - Pitching for Huron Cubs : RHP Rich Carlucci
Pitching: RHP Alex Samano
Batting: SHB Stephen Moore 0-0: DOUBLE (Flyball, 8RD, EV 95.0 MPH)
Batting: RHB Greg Howe 0-0: Foul Ball, location: 2F
0-1: Called Strike
0-2: Strikes out swinging
Batting: LHB Sergio Leija 0-0: Ball
1-0: Called Strike
1-1: Called Strike
1-2: 2-RUN HOME RUN (Flyball, 9LD, EV 96.3 MPH), Distance : 371 ft
Batting: LHB Robert McNair 0-0: Foul Ball, location: 2F
0-1: SINGLE (Line Drive, 8LS, EV 108.8 MPH)
Batting: RHB Harry McCulla 0-0: Ball
1-0: Foul Ball, location: 2F
1-1: Ball
2-1: Foul Ball, location: 2F
2-2: Foul Ball, location: 2F
2-2: Ball
Wild Pitch!
Robert McNair to second
3-2: DOUBLE (Flyball, 8RXD, EV 102.5 MPH)
Robert McNair scores
Pitching: RHP Jose Lopez
Batting: RHB Pedro Chavez 0-0: Fly out, F8 (Flyball, 8RD, EV 100.0 MPH)
Runner from 2nd tags up, SAFE at 3rd with throw by CF
Batting: RHB Alejandro Luna 0-0: Called Strike
0-1: Called Strike
0-2: Ball
1-2: SINGLE (Groundball, 6MD, EV 100.6 MPH)
Harry McCulla scores
Batting: RHB Armando Ramirez 0-0: Ground out 5-3 (Groundball, 56S, EV 91.3 MPH)
Top of the 8th over - 4 runs, 5 hits, 0 errors, 1 left on base; Aberdeen 8 - Huron 3
BOTTOM OF THE 8TH
Huron Cubs batting - Pitching for Aberdeen Pheasants : RHP Dave Beard
Batting: RHB Mark Carreon 0-0: Ball
1-0: Swinging Strike
1-1: Ball
2-1: Foul Ball, location: 2F
2-2: Foul Ball, location: 2F
2-2: Foul Ball, location: 2F
2-2: Ball
3-2: SINGLE (Line Drive, 89M, EV 100.0 MPH)
Batting: RHB John Alvarez 0-0: DOUBLE (Flyball, 89D, EV 105.0 MPH)
Mark Carreon to third
Batting: LHB Willis Gonzalez 0-0: Called Strike
0-1: Swinging Strike
0-2: Fly out, F9 (Flyball, 9, EV 97.5 MPH)
Runner from 3rd tags up, SCORES, throw by RF
John Alvarez to third
Batting: RHB Mike Stellern 0-0: Ball
1-0: SINGLE (Groundball, 6D, EV 108.8 MPH)
John Alvarez scores
Pitching: LHP Juan Contreras
Now in LF: Rick Leach
Batting: LHB Rob Nelson 0-0: Called Strike
0-1: Swinging Strike
0-2: Ball
1-2: Strikes out swinging
Batting: SHB Keith Smith 0-0: Ball
1-0: Called Strike
1-1: Swinging Strike
1-2: Foul Ball, location: 2F
1-2: Ball
2-2: Strikes out looking
Bottom of the 8th over - 2 runs, 3 hits, 0 errors, 1 left on base; Aberdeen 8 - Huron 5
TOP OF THE 9TH
Aberdeen Pheasants batting - Pitching for Huron Cubs : RHP Jose Lopez
Batting: RHB Diego Martinez 0-0: Ball
1-0: Reached on error, E6 (Groundball, 6, EV 81.9 MPH)
Batting: SHB Stephen Moore 0-0: DOUBLE (Line Drive, 5D, EV 97.5 MPH)
Diego Martinez to third
Runner from 3rd tries for Home, SAFE, throw by LF to home
Batting: RHB Greg Howe 0-0: Ball
1-0: Fly out, F3 (Flyball, 3D, EV 80.0 MPH)
Batting: LHB Rick Leach 0-0: DOUBLE (Line Drive, 78M, EV 113.1 MPH)
Stephen Moore scores
Batting: LHB Robert McNair 0-0: Called Strike
0-1: Ball
1-1: Swinging Strike
1-2: Strikes out looking
Batting: RHB Harry McCulla 0-0: Foul Ball, location: 2F
0-1: Foul Ball, location: 2F
0-2: Ball
1-2: Fly out, F6 (Flyball, 5D, EV 86.9 MPH)
Top of the 9th over - 2 runs, 2 hits, 1 error, 1 left on base; Aberdeen 10 - Huron 5
BOTTOM OF THE 9TH
Huron Cubs batting - Pitching for Aberdeen Pheasants : LHP Juan Contreras
Batting: RHB Ray Ortega 0-0: Ball
1-0: Ball
2-0: Ball
3-0: Base on Balls
Batting: LHB Gary Varsho 0-0: Called Strike
0-1: Ball
1-1: Ball
2-1: Swinging Strike
2-2: Ball
3-2: 2-RUN HOME RUN (Flyball, 9LD, EV 96.9 MPH), Distance : 354 ft
Batting: RHB Greg Zunino 0-0: Ball
1-0: Ball
2-0: Ball
3-0: Called Strike
3-1: Foul Ball, location: 2F
3-2: Fly out, F7 (Flyball, 7S, EV 88.1 MPH)
Batting: RHB Mark Carreon 0-0: Swinging Strike
0-1: Foul Ball, location: 2F
0-2: Fly out, F8 (Line Drive, 8LM, EV 85.6 MPH)
Batting: RHB John Alvarez 0-0: Ball
1-0: Called Strike
1-1: Ball
2-1: SINGLE (Flyball, 56D, EV 81.3 MPH)
Batting: LHB Willis Gonzalez 0-0: Ball
1-0: Ball
2-0: Ball
3-0: Called Strike
3-1: Fly out, F8 (Line Drive, 8RD, EV 96.9 MPH)
Bottom of the 9th over - 2 runs, 2 hits, 0 errors, 1 left on base; Aberdeen 10 - Huron 7
Thursday, August 20th, 2020 - OOTP Baseball 21.5 Build 76